 Dungeon Crawl Stone Soup version 0.31-a0-210-gccc998df9b (webtiles) character file.

Game seed: 4854585117375693108

25592 qw the Cleaver (level 13, -7/84 HPs)
             Began as a Gargoyle Fighter on June 30, 2023.
             Was a High Priest of Okawaru.
             Mangled by a komodo dragon (22 damage)
             ... on level 2 of the Lair of Beasts.
             The game lasted 00:09:55 (13603 turns).

qw the Cleaver (Gargoyle Fighter)                  Turns: 13603, Time: 00:09:56

Health: -7/84      AC: 35    Str: 25    XL:     13   Next: 20%
Magic:  16/20      EV: 11    Int:  9    God:    Okawaru [*****.]
Gold:   844        SH:  6    Dex:  9    Spells: 12/12 levels left

rFire   . . .        u - -2 demon whip (venom)
rCold   . . .        c - +0 buckler
rNeg    + . .        k - +0 chain mail
rPois   inf          l - +2 helmet
rElec   +            (no cloak)
rCorr   .            e - +2 pair of gloves
SInv    .            a - +0 pair of boots
Will    .....        h - amulet of regeneration Stlth
                     j - +4 ring of protection
HPRegen 1.14/turn    (no ring)
MPRegen 0.17/turn

%: no passive effects
@: about to teleport, heroic, finesse-ful, marked
A: sickness immunity, AC +9, negative energy resistance 1, electricity
resistance, torment resistance 1, petrification resistance
a: Renounce Religion, Heroism, Finesse, Duel


You were on level 2 of the Lair of Beasts.
You worshipped Okawaru.
Okawaru was extremely pleased with you.
You visited 3 branches of the dungeon, and saw 14 of its levels.

You collected 844 gold pieces.


Innate Abilities, Weirdness & Mutations

You are immune to sickness and miasma.
Your stone body is resilient. (AC +9)
You are immune to poison.
You resist negative energy. (rN+)
You are resistant to electric shocks. (rElec)
You are resistant to unholy torment.
You are immune to petrification.


   Skills:
 - Level 11.0(16.0) Fighting
 - Level 14.0(19.0) Axes
 - Level 8.0(13.0) Armour
 - Level 2.4(7.4) Dodging
 + Level 6.9(11.9) Shields
 - Level 10.1 Invocations


You had 12 spell levels left.
You didn't know any spells.
Your spell library was empty.

Inventory:

Hand Weapons
 s - a +0 morningstar
 u - a -2 demon whip of venom (weapon)
 Y - a +2 war axe of protection
Armour
 a - a +0 pair of boots (worn)
 c - a +0 buckler (worn)
 e - a +2 pair of gloves (worn)
 k - a +0 chain mail (worn)
 l - a +2 helmet (worn)
 n - +0 acid dragon scales
 t - a +1 ring mail of fire resistance
 y - a +0 tower shield
Jewellery
 h - an amulet of regeneration (around neck)
 j - a +4 ring of protection (left hand)
Wands
 m - a wand of digging (5)
Scrolls
 g - 4 scrolls of identify
 v - a scroll of teleportation
Potions
 b - 2 potions of attraction
 d - 2 potions of might
 f - 2 potions of lignification
 i - a potion of cancellation
 o - 3 potions of enlightenment
 p - a potion of magic
 q - 2 potions of mutation
 r - a potion of heal wounds
 w - a potion of curing
 x - a potion of haste
 z - a potion of ambrosia {unknown}

Dungeon Overview and Level Annotations

Branches:
Dungeon (11/15)            Temple (1/1) D:5            Lair (2/5) D:11
 Spider (0/4) Lair:2          Orc (0/2) D:11
  Swamp: Lair:2-3    Shoals: Lair:2-3

Altars:
Ashenzari
Cheibriados
Dithmenos
Elyvilon
Fedhas
Gozag
Hepliaklqana
Kikubaaqudgha
Makhleb
Nemelex Xobeh
Okawaru
Qazlal
Ru
Sif Muna
Trog
Uskayaw
Vehumet
Wu Jian
Xom
Yredelemnul
Zin
The Shining One

Shops:
D:1 :   D:10 :

Annotations:
D:5 2 transporters, qw's ghost, novice DEHu
D:10 3 runed translucent doors, Uttuuhiph's ghost, novice DgWn; firemonkey's ghost, novice DgEE


Message History

The komodo dragon looks as sick as possible!
The komodo dragon is severely wounded.
The wyvern bites you but does no damage.
A bullfrog comes into view.
You hit the komodo dragon but do no damage.
The komodo dragon looks as sick as possible!
The komodo dragon is severely wounded.
The komodo dragon bites you but does no damage.
The eight-headed hydra barely misses you.
The eight-headed hydra bites you but does no damage.
You block the eight-headed hydra's attack.
The eight-headed hydra bites you but does no damage.
The eight-headed hydra bites you.
The eight-headed hydra bites you but does no damage. x3
You hit the komodo dragon but do no damage.
The komodo dragon looks as sick as possible!
The komodo dragon is severely wounded.
The wyvern barely misses you.
You whack the komodo dragon!
You kill the komodo dragon!
Okawaru accepts your kill.
You thrash the komodo dragon!!
The komodo dragon looks as sick as possible!
The komodo dragon is heavily wounded.
The wyvern bites you.
You closely miss the komodo dragon.
The komodo dragon is heavily wounded.
The eight-headed hydra bites you. x2
The eight-headed hydra bites you but does no damage.
The eight-headed hydra bites you.
The eight-headed hydra bites you but does no damage.
You block the eight-headed hydra's attack.
The eight-headed hydra closely misses you.
The eight-headed hydra misses you.
An elephant comes into view.
13603 ||| READING 2 scrolls of teleportation.
As you read the scroll of teleportation, it crumbles to dust.
You feel strangely unstable. The wyvern closely misses you.
The komodo dragon bites you!!
You die...

##### ## ###lll### .##
##### ##.@lYlFF#
..#####P#.####.#.D##.#.Y~#
......P...........##.....#
.................##.~..##.l
.................# l.~## ##
..##.#..#######.##~...#
######### ### .~l/# #...~#


You could see an eight-headed hydra, an elephant, 3 komodo dragons, a yak, a
cane toad, a basilisk, a wyvern and a bullfrog.

Vanquished Creatures
  Snorg (D:11)
  Erolcha (D:9)
  A centaur warrior (D:9)
  A two-headed ogre (D:7)
  Erica (D:8)
  3 death yaks (Lair:1)
  Amaemon (D:8)
  A skyshark (Lair:2)
  A pharaoh ant (Lair:2)
  An ugly thing (D:11)
  A manticore (D:11)
  An elephant (Lair:2)
  2 gargoyles
  Joseph (D:7)
  5 cane toads
  Psyche (D:11)
  An orange demon (D:8)
  7 komodo dragons
  3 trolls (D:11)
  10 blink frogs
  2 tarantellas (Lair:2)
  Prince Ribbit (D:8)
  A shadow (D:11)
  Sigmund (D:5)
  17 yaks
  3 wyverns
  2 wraiths (D:11)
  A redback (Lair:2)
  3 basilisks
  5 vampire mosquitoes (D:11)
  Menkaure (D:4)
  An acid dragon (D:9)
  6 water moccasins
  2 black bears
  An orc warrior (D:8)
  2 sky beasts
  2 ice beasts
  6 wolves (Lair:2)
  3 centaurs
  2 ogres
  4 kobold brigands
  8 bullfrogs
  A gnoll sergeant (D:10)
  9 killer bees
  10 wights
  2 howler monkeys (D:8)
  10 electric eels
  4 hounds
  6 orc priests
  2 gnoll boudas
  A jelly (D:6)
  4 iguanas
  3 sleepcaps
  11 orc wizards
  4 hell rats (Lair:2)
  10 gnolls
  5 adders
  A shadow imp (D:5)
  2 white imps
  An ufetubus (D:6)
  3 dart slugs
  33 orcs
  9 ball pythons
  7 endoplasms
  2 giant cockroaches
  8 hobgoblins
  9 jackals
  19 kobolds
  2 quokkas
  9 bats
  2 frilled lizards
  13 goblins
  13 rats
333 creatures vanquished.

Notes
Turn   | Place    | Note
-------+----------+-------------------------------------------
     0 | D:1      | qw the Gargoyle Fighter began the quest for the Orb.
     0 | D:1      | Reached XP level 1. HP: 14/14 MP: 1/1
     0 | D:1      | 0 ||| qw: Version: 0.3-a-24-ga2abf7b
     0 | D:1      | 0 ||| qw: Game counter: 7090
     0 | D:1      | 0 ||| qw: Melee chars always use a shield: true
     0 | D:1      | 0 ||| qw: God list: Okawaru
     0 | D:1      | 0 ||| qw: Allow faded altars: false
     0 | D:1      | 0 ||| qw: Do Orc after clearing Dungeon:15 true
     0 | D:1      | 0 ||| qw: Do second Lair branch before Depths: true
     0 | D:1      | 0 ||| qw: Lair rune preference: random
     0 | D:1      | 0 ||| qw: Goals: Normal, Zot:1-4, Slime:5, God:TSO, Crypt,
                  | Tomb, Abyss, Pan, Hells, Win
     0 | D:1      | 0 ||| PLANNING D:1-11
   123 | D:1      | Reached skill level 2 in Axes
   124 | D:1      | Found a faded altar of an unknown god.
   207 | D:1      | Found Sedyem's Book Shop.
   317 | D:1      | 317 ||| Stepping ~*~*~tactically~*~*~ (stealth).
   323 | D:1      | Reached XP level 2. HP: 19/19 MP: 2/2
   340 | D:1      | 340 ||| DROPPING +0 club.
   348 | D:1      | 348 ||| Stepping ~*~*~tactically~*~*~ (stealth).
   349 | D:1      | 349 ||| Stepping ~*~*~tactically~*~*~ (stealth).
   351 | D:1      | 351 ||| Stepping ~*~*~tactically~*~*~ (stealth).
   352 | D:1      | 352 ||| Stepping ~*~*~tactically~*~*~ (stealth).
   353 | D:1      | 353 ||| Stepping ~*~*~tactically~*~*~ (stealth).
   357 | D:1      | 357 ||| Stepping ~*~*~tactically~*~*~ (stealth).
   358 | D:1      | 358 ||| Stepping ~*~*~tactically~*~*~ (stealth).
   501 | D:1      | 501 ||| Stepping ~*~*~tactically~*~*~ (hiding).
   787 | D:1      | Reached skill level 3 in Axes
   797 | D:1      | Reached XP level 3. HP: 23/23 MP: 3/3
   953 | D:1      | 953 ||| READING scroll labelled BOL ATEAZOPSIO.
  1200 | D:2      | 1200 ||| Stepping ~*~*~tactically~*~*~ (stealth).
  1249 | D:2      | 1249 ||| Stepping ~*~*~tactically~*~*~ (stealth).
  1250 | D:2      | 1250 ||| Stepping ~*~*~tactically~*~*~ (stealth).
  1307 | D:2      | 1307 ||| Stepping ~*~*~tactically~*~*~ (stealth).
  1322 | D:2      | Reached XP level 4. HP: 28/28 MP: 4/4
  1551 | D:2      | 1551 ||| Stepping ~*~*~tactically~*~*~ (stealth).
  1567 | D:2      | Reached skill level 4 in Axes
  1611 | D:2      | 1611 ||| Stepping ~*~*~tactically~*~*~ (hiding).
  1613 | D:2      | 1613 ||| Stepping ~*~*~tactically~*~*~ (hiding).
  1614 | D:2      | 1614 ||| Stepping ~*~*~tactically~*~*~ (hiding).
  1634 | D:2      | 1634 ||| UPGRADING to +0 pair of gloves.
  1639 | D:2      | 1639 ||| READING scroll labelled NAINWO SIKAGO.
  1640 | D:2      | 1640 ||| READING scroll labelled TAERCH XUURRA.
  1718 | D:3      | 1718 ||| Stepping ~*~*~tactically~*~*~ (stealth).
  1731 | D:3      | 1731 ||| Stepping ~*~*~tactically~*~*~ (stealth).
  1767 | D:3      | Found a hide-covered altar of Uskayaw.
  1768 | D:3      | Found an ornate altar of the Wu Jian Council.
  1977 | D:3      | Identified the +1 robe of Ashenzari's Respect {rCorr
                  | Stlth+}
  2048 | D:3      | 2048 ||| DROPPING +0 mace.
  2075 | D:3      | Identified the +4 rapier "Wyiruz" {venom, rElec rF++ Str+5}
  2322 | D:3      | 2322 ||| UPGRADING to +0 pair of boots.
  2327 | D:3      | 2327 ||| UPGRADING to +0 chain mail.
  2337 | D:3      | 2337 ||| DROPPING +0 scale mail.
  2338 | D:3      | 2338 ||| UPGRADING to +4 ring of protection.
  2339 | D:3      | 2339 ||| READING 2 scrolls labelled FANAKK FUMATSA.
  2340 | D:3      | 2340 ||| READING scroll labelled NUYDAXT ESUVEY.
  2341 | D:3      | 2341 ||| READING scroll labelled OCIURU SIOM.
  2342 | D:3      | 2342 ||| DRINKING 2 murky green potions.
  2343 | D:3      | 2343 ||| DROPPING scroll of revelation.
  2361 | D:4      | Reached XP level 5. HP: 32/32 MP: 5/5
  2511 | D:4      | Reached skill level 5 in Axes
  2671 | D:4      | Noticed an ogre
  2672 | D:4      | 2672 ||| Stepping ~*~*~tactically~*~*~ (stealth).
  2678 | D:4      | Noticed a kobold brigand
  2683 | D:4      | Killed an ogre
  2684 | D:4      | Reached XP level 6. HP: 40/40 MP: 6/6
  2702 | D:4      | 2702 ||| Stepping ~*~*~tactically~*~*~ (stealth).
  2767 | D:4      | Noticed Menkaure
  2768 | D:4      | 2768 ||| Stepping ~*~*~tactically~*~*~ (hiding).
  2769 | D:4      | 2769 ||| Stepping ~*~*~tactically~*~*~ (hiding).
  2781 | D:4      | Killed Menkaure
  2782 | D:4      | Reached skill level 6 in Axes
  2782 | D:4      | Reached XP level 7. HP: 30/44 MP: 7/7
  2870 | D:4      | 2870 ||| Stepping ~*~*~tactically~*~*~ (hiding).
  2871 | D:4      | 2871 ||| Stepping ~*~*~tactically~*~*~ (hiding).
  2872 | D:4      | 2872 ||| Stepping ~*~*~tactically~*~*~ (hiding).
  2874 | D:4      | 2874 ||| Stepping ~*~*~tactically~*~*~ (hiding).
  2876 | D:4      | 2876 ||| Stepping ~*~*~tactically~*~*~ (hiding).
  3124 | D:4      | Reached skill level 1 in Dodging
  3195 | D:4      | 3195 ||| READING scroll labelled CEOGHAGAFY.
  3196 | D:4      | 3196 ||| DRINKING 2 green potions.
  3214 | D:5      | Entered Level 5 of the Dungeon
  3221 | D:5      | 3221 ||| STAIRDANCE
  3278 | D:5      | 3278 ||| STAIRDANCE
  3280 | D:4      | 3280 ||| DRINKING potion of curing.
  3280 | D:4      | 3280 ||| (to cure confusion)
  3318 | D:5      | Reached skill level 7 in Axes
  3375 | D:5      | Reached XP level 8. HP: 49/49 MP: 8/8
  3505 | D:5      | 3505 ||| Stepping ~*~*~tactically~*~*~ (stealth).
  3509 | D:5      | 3509 ||| FLEEEEING.
  3510 | D:5      | 3510 ||| FLEEEEING.
  3511 | D:5      | 3511 ||| FLEEEEING.
  3540 | D:5      | 3540 ||| FLEEEEING.
  3541 | D:5      | 3541 ||| FLEEEEING.
  3542 | D:5      | 3542 ||| FLEEEEING.
  3543 | D:5      | 3543 ||| FLEEEEING.
  3610 | D:5      | 3610 ||| FLEEEEING.
  3611 | D:5      | 3611 ||| FLEEEEING.
  3612 | D:5      | 3612 ||| FLEEEEING.
  3647 | D:5      | 3647 ||| FLEEEEING.
  3648 | D:5      | 3648 ||| FLEEEEING.
  3683 | D:5      | 3683 ||| FLEEEEING.
  3684 | D:5      | 3684 ||| FLEEEEING.
  3685 | D:5      | 3685 ||| FLEEEEING.
  3720 | D:5      | 3720 ||| FLEEEEING.
  3721 | D:5      | 3721 ||| FLEEEEING.
  3722 | D:5      | 3722 ||| FLEEEEING.
  3723 | D:5      | 3723 ||| FLEEEEING.
  3743 | D:5      | 3743 ||| FLEEEEING.
  3744 | D:5      | 3744 ||| FLEEEEING.
  3766 | D:5      | 3766 ||| FLEEEEING.
  3767 | D:5      | 3767 ||| FLEEEEING.
  3768 | D:5      | 3768 ||| FLEEEEING.
  3769 | D:5      | 3769 ||| FLEEEEING.
  3770 | D:5      | 3770 ||| FLEEEEING.
  3851 | D:5      | 3851 ||| Stepping ~*~*~tactically~*~*~ (stealth).
  3855 | D:5      | 3855 ||| FLEEEEING.
  3856 | D:5      | 3856 ||| FLEEEEING.
  3857 | D:5      | 3857 ||| FLEEEEING.
  3894 | D:5      | 3894 ||| Stepping ~*~*~tactically~*~*~ (stealth).
  3896 | D:5      | 3896 ||| Stepping ~*~*~tactically~*~*~ (stealth).
  3898 | D:5      | 3898 ||| Stepping ~*~*~tactically~*~*~ (stealth).
  3902 | D:5      | 3902 ||| FLEEEEING.
  3903 | D:5      | 3903 ||| FLEEEEING.
  3904 | D:5      | 3904 ||| FLEEEEING.
  3931 | D:5      | 3931 ||| FLEEEEING.
  3932 | D:5      | 3932 ||| FLEEEEING.
  3974 | D:5      | 3974 ||| FLEEEEING.
  3975 | D:5      | 3975 ||| FLEEEEING.
  3976 | D:5      | 3976 ||| FLEEEEING.
  3977 | D:5      | 3977 ||| FLEEEEING.
  4049 | D:5      | 4049 ||| FLEEEEING.
  4050 | D:5      | 4050 ||| FLEEEEING.
  4051 | D:5      | 4051 ||| FLEEEEING.
  4090 | D:5      | 4090 ||| Stepping ~*~*~tactically~*~*~ (stealth).
  4092 | D:5      | 4092 ||| Stepping ~*~*~tactically~*~*~ (stealth).
  4104 | D:5      | 4104 ||| FLEEEEING.
  4105 | D:5      | 4105 ||| FLEEEEING.
  4106 | D:5      | 4106 ||| FLEEEEING.
  4107 | D:5      | 4107 ||| FLEEEEING.
  4187 | D:5      | 4187 ||| Stepping ~*~*~tactically~*~*~ (stealth).
  4189 | D:5      | 4189 ||| Stepping ~*~*~tactically~*~*~ (stealth).
  4191 | D:5      | 4191 ||| Stepping ~*~*~tactically~*~*~ (stealth).
  4193 | D:5      | 4193 ||| Stepping ~*~*~tactically~*~*~ (stealth).
  4203 | D:5      | 4203 ||| FLEEEEING.
  4204 | D:5      | 4204 ||| FLEEEEING.
  4205 | D:5      | 4205 ||| FLEEEEING.
  4240 | D:5      | 4240 ||| FLEEEEING.
  4241 | D:5      | 4241 ||| FLEEEEING.
  4242 | D:5      | 4242 ||| FLEEEEING.
  4243 | D:5      | 4243 ||| FLEEEEING.
  4244 | D:5      | 4244 ||| FLEEEEING.
  4299 | D:5      | 4299 ||| FLEEEEING.
  4331 | D:5      | 4331 ||| FLEEEEING.
  4332 | D:5      | 4332 ||| FLEEEEING.
  4333 | D:5      | 4333 ||| FLEEEEING.
  4382 | D:5      | 4382 ||| FLEEEEING.
  4383 | D:5      | 4383 ||| FLEEEEING.
  4384 | D:5      | 4384 ||| FLEEEEING.
  4385 | D:5      | 4385 ||| FLEEEEING.
  4455 | D:5      | 4455 ||| Stepping ~*~*~tactically~*~*~ (stealth).
  4460 | D:5      | 4460 ||| FLEEEEING.
  4461 | D:5      | 4461 ||| FLEEEEING.
  4462 | D:5      | 4462 ||| FLEEEEING.
  4488 | D:5      | 4488 ||| FLEEEEING.
  4489 | D:5      | 4489 ||| FLEEEEING.
  4490 | D:5      | 4490 ||| FLEEEEING.
  4534 | D:5      | 4534 ||| FLEEEEING.
  4535 | D:5      | 4535 ||| FLEEEEING.
  4573 | D:5      | 4573 ||| FLEEEEING.
  4574 | D:5      | 4574 ||| FLEEEEING.
  4575 | D:5      | 4575 ||| FLEEEEING.
  4576 | D:5      | 4576 ||| FLEEEEING.
  4612 | D:5      | 4612 ||| FLEEEEING.
  4613 | D:5      | 4613 ||| FLEEEEING.
  4636 | D:5      | 4636 ||| FLEEEEING.
  4637 | D:5      | 4637 ||| FLEEEEING.
  4690 | D:5      | Reached skill level 8 in Axes
  4743 | D:5      | 4743 ||| Stepping ~*~*~tactically~*~*~ (stealth).
  4745 | D:5      | 4745 ||| Stepping ~*~*~tactically~*~*~ (stealth).
  4747 | D:5      | 4747 ||| Stepping ~*~*~tactically~*~*~ (stealth).
  4749 | D:5      | 4749 ||| Stepping ~*~*~tactically~*~*~ (stealth).
  4751 | D:5      | 4751 ||| Stepping ~*~*~tactically~*~*~ (stealth).
  4758 | D:5      | 4758 ||| FLEEEEING.
  4759 | D:5      | 4759 ||| FLEEEEING.
  4760 | D:5      | 4760 ||| FLEEEEING.
  4761 | D:5      | 4761 ||| FLEEEEING.
  4762 | D:5      | 4762 ||| FLEEEEING.
  4832 | D:5      | 4832 ||| FLEEEEING.
  4833 | D:5      | 4833 ||| FLEEEEING.
  4834 | D:5      | 4834 ||| FLEEEEING.
  4835 | D:5      | 4835 ||| FLEEEEING.
  4836 | D:5      | 4836 ||| FLEEEEING.
  5109 | D:5      | Reached skill level 6 in Fighting
  5174 | D:5      | Noticed qw's ghost (novice DEHu)
  5194 | D:5      | Found a transporter.
  5224 | D:5      | Found a transporter.
  5272 | D:5      | Noticed Sigmund
  5278 | D:5      | Killed Sigmund
  5417 | D:5      | Found a staircase to the Ecumenical Temple.
  5418 | D:5      | 5418 ||| PLANNING TEMPLE
  5418 | D:5      | 5418 ||| DROPPING ring of magical power.
  5419 | D:5      | 5419 ||| READING scroll labelled REOBLU SIWKIU.
  5420 | D:5      | 5420 ||| READING scroll labelled DIFE VUTUTIVI.
  5421 | D:5      | 5421 ||| DRINKING 2 fuming white potions.
  5422 | D:5      | 5422 ||| READING 2 scrolls of identify.
  5422 | D:5      | 5422 ||| IDENTIFYING sedimented orange potion
  5428 | Temple   | Entered the Ecumenical Temple
  5429 | Temple   | 5429 ||| PLANNING OKAWARU WORSHIP
  6180 | Temple   | Became a worshipper of Warmaster Okawaru
  6181 | Temple   | 6181 ||| PLANNING D:1-11
  6273 | D:6      | 6273 ||| Stepping ~*~*~tactically~*~*~ (hiding).
  6289 | D:6      | Reached XP level 9. HP: 55/55 MP: 9/9
  6378 | D:6      | Reached skill level 9 in Axes
  6998 | D:6      | 6998 ||| UPGRADING to +2 helmet.
  7003 | D:6      | 7003 ||| UPGRADING to amulet of regeneration.
  7008 | D:6      | 7008 ||| DRINKING 2 orange potions.
  7009 | D:6      | 7009 ||| DRINKING 2 bubbling ruby potions.
  7010 | D:6      | 7010 ||| READING 2 scrolls of identify.
  7010 | D:6      | 7010 ||| IDENTIFYING fizzy dark potion
  7052 | D:7      | Reached * piety under Okawaru
  7057 | D:7      | 7057 ||| Stepping ~*~*~tactically~*~*~ (hiding).
  7058 | D:7      | 7058 ||| Stepping ~*~*~tactically~*~*~ (hiding).
  7075 | D:7      | Noticed a two-headed ogre
  7076 | D:7      | 7076 ||| Stepping ~*~*~tactically~*~*~ (stealth).
  7080 | D:7      | 7080 ||| Stepping ~*~*~tactically~*~*~ (stealth).
  7084 | D:7      | 7084 ||| Stepping ~*~*~tactically~*~*~ (stealth).
  7086 | D:7      | 7086 ||| INVOKING Heroism.
  7097 | D:7      | Killed a two-headed ogre
  7098 | D:7      | Reached skill level 3 in Invocations
  7160 | D:7      | 7160 ||| INVOKING Heroism.
  7171 | D:7      | HP: 14/57 [killer bee (1)]
  7172 | D:7      | 7172 ||| DRINKING 2 potions of heal wounds.
  7184 | D:7      | 7184 ||| INVOKING Heroism.
  7234 | D:7      | 7234 ||| DROPPING +0 flail.
  7310 | D:7      | Reached skill level 10 in Axes
  7310 | D:7      | Reached XP level 10. HP: 63/63 MP: 13/13
  7321 | D:7      | 7321 ||| Stepping ~*~*~tactically~*~*~ (hiding).
  7323 | D:7      | 7323 ||| Stepping ~*~*~tactically~*~*~ (hiding).
  7324 | D:7      | 7324 ||| Stepping ~*~*~tactically~*~*~ (hiding).
  7366 | D:7      | 7366 ||| INVOKING Heroism.
  7420 | D:7      | Noticed Joseph
  7432 | D:7      | 7432 ||| INVOKING Heroism.
  7439 | D:7      | Killed Joseph
  7439 | D:7      | Reached ** piety under Okawaru
  7440 | D:7      | Reached skill level 6 in Armour
  7695 | D:7      | 7695 ||| READING 2 scrolls labelled WOMMOR YDWIBBE.
  7696 | D:7      | 7696 ||| READING scroll of enchant weapon.
  7696 | D:7      | 7696 ||| ENCHANTING +1 war axe of protection.
  7697 | D:7      | 7697 ||| READING scroll labelled NIAQ VOTUYPEI.
  7698 | D:7      | 7698 ||| READING scroll labelled GEUMEA MALUT.
  7714 | D:7      | 7714 ||| Stepping ~*~*~tactically~*~*~ (stealth).
  7719 | D:8      | 7719 ||| Stepping ~*~*~tactically~*~*~ (hiding).
  7720 | D:8      | 7720 ||| Stepping ~*~*~tactically~*~*~ (hiding).
  7721 | D:8      | 7721 ||| Stepping ~*~*~tactically~*~*~ (hiding).
  7830 | D:8      | Noticed Amaemon
  7831 | D:8      | 7831 ||| Stepping ~*~*~tactically~*~*~ (hiding).
  7833 | D:8      | 7833 ||| INVOKING Heroism.
  7834 | D:8      | Noticed an orange demon
  7845 | D:8      | Killed Amaemon
  7854 | D:8      | Killed an orange demon
  7880 | D:8      | 7880 ||| INVOKING Heroism.
  7897 | D:8      | 7897 ||| INVOKING Heroism.
  7924 | D:8      | 7924 ||| Stepping ~*~*~tactically~*~*~ (stealth).
  7926 | D:8      | 7926 ||| Stepping ~*~*~tactically~*~*~ (stealth).
  7927 | D:8      | 7927 ||| Stepping ~*~*~tactically~*~*~ (stealth).
  7935 | D:8      | 7935 ||| Stepping ~*~*~tactically~*~*~ (stealth).
  7969 | D:8      | Found a flagged portal.
  8022 | D:8      | 8022 ||| INVOKING Heroism.
  8036 | D:8      | 8036 ||| DRINKING potion of curing.
  8036 | D:8      | 8036 ||| (to cure confusion)
  8054 | D:8      | 8054 ||| Stepping ~*~*~tactically~*~*~ (hiding).
  8066 | D:8      | Noticed Erica
  8067 | D:8      | 8067 ||| INVOKING Heroism.
  8080 | D:8      | Killed Erica
  8081 | D:8      | Reached skill level 11 in Axes
  8121 | D:8      | Noticed Prince Ribbit
  8139 | D:8      | Killed Prince Ribbit
  8139 | D:8      | Reached *** piety under Okawaru
  8228 | D:8      | Found a burning altar of Makhleb.
  8427 | D:8      | 8427 ||| INVOKING Heroism.
  8460 | D:8      | 8460 ||| Stepping ~*~*~tactically~*~*~ (water).
  8471 | D:8      | 8471 ||| DROPPING +2 ring mail of poison resistance.
  8472 | D:8      | 8472 ||| READING scroll labelled UCUSIU OLERCH.
  8544 | D:9      | 8544 ||| READING scroll of enchant armour.
  8544 | D:9      | 8544 ||| ENCHANTING +0 pair of gloves.
  8598 | D:9      | Reached skill level 9 in Fighting
  8629 | D:9      | Noticed a centaur warrior
  8630 | D:9      | 8630 ||| Stepping ~*~*~tactically~*~*~ (hiding).
  8631 | D:9      | 8631 ||| Stepping ~*~*~tactically~*~*~ (hiding).
  8644 | D:9      | Killed a centaur warrior
  8645 | D:9      | Reached XP level 11. HP: 62/71 MP: 14/14
  8769 | D:9      | 8769 ||| Stepping ~*~*~tactically~*~*~ (stealth).
  8771 | D:9      | 8771 ||| Stepping ~*~*~tactically~*~*~ (hiding).
  8793 | D:9      | 8793 ||| Stepping ~*~*~tactically~*~*~ (stealth).
  8815 | D:9      | 8815 ||| INVOKING Heroism.
  9362 | D:9      | Noticed Erolcha
  9363 | D:9      | 9363 ||| INVOKING Heroism.
  9370 | D:9      | Killed Erolcha
  9370 | D:9      | Reached **** piety under Okawaru
  9371 | D:9      | Reached skill level 12 in Axes
  9417 | D:9      | 9417 ||| DROPPING +1 robe of Ashenzari's Respect {rCorr
                  | Stlth+}.
  9418 | D:9      | 9418 ||| READING 3 scrolls of identify.
  9418 | D:9      | 9418 ||| IDENTIFYING fuming green potion
  9439 | D:9      | 9439 ||| Stepping ~*~*~tactically~*~*~ (stealth).
  9441 | D:9      | 9441 ||| Stepping ~*~*~tactically~*~*~ (hiding).
  9442 | D:9      | 9442 ||| Stepping ~*~*~tactically~*~*~ (hiding).
  9576 | D:10     | Entered Level 10 of the Dungeon
  9580 | D:10     | 9580 ||| Stepping ~*~*~tactically~*~*~ (hiding).
  9582 | D:10     | 9582 ||| Stepping ~*~*~tactically~*~*~ (hiding).
  9585 | D:10     | 9585 ||| Stepping ~*~*~tactically~*~*~ (stealth).
  9720 | D:10     | 9720 ||| Stepping ~*~*~tactically~*~*~ (hiding).
  9737 | D:10     | 9737 ||| INVOKING Heroism.
  9803 | D:10     | Found Pesyerog's Vocational Training.
  9811 | D:10     | Identified the +0 spear of Youthful Indiscretion {freeze,
                  | *Rage *Noise Int+9}
 10086 | D:10     | Found a runed translucent gate.
 10086 | D:10     | Found a runed translucent gate.
 10086 | D:10     | Found a runed translucent gate.
 10087 | D:10     | Noticed Uttuuhiph's ghost (novice DgWn)
 10088 | D:10     | Noticed firemonkey's ghost (novice DgEE)
 10845 | D:11     | 10845 ||| INVOKING Heroism.
 10863 | D:11     | 10863 ||| INVOKING Heroism.
 10883 | D:11     | Reached skill level 6 in Shields
 10908 | D:11     | Noticed Snorg
 10909 | D:11     | 10909 ||| INVOKING Heroism.
 10930 | D:11     | Killed Snorg
 10936 | D:11     | 10936 ||| INVOKING Heroism.
 11024 | D:11     | 11024 ||| INVOKING Heroism.
 11028 | D:11     | Noticed Psyche
 11042 | D:11     | Killed Psyche
 11061 | D:11     | Noticed a white ugly thing
 11070 | D:11     | 11070 ||| INVOKING Heroism.
 11070 | D:11     | Noticed a manticore
 11077 | D:11     | Killed a white ugly thing
 11085 | D:11     | Killed a manticore
 11168 | D:11     | Found a staircase to the Orcish Mines.
 11175 | D:11     | 11175 ||| INVOKING Heroism.
 11296 | D:11     | Reached XP level 12. HP: 74/77 MP: 16/16
 11379 | D:11     | Found a staircase to the Lair.
 11419 | D:11     | 11419 ||| INVOKING Heroism.
 11428 | D:11     | Reached skill level 6 in Invocations
 11730 | D:11     | 11730 ||| PLANNING LAIR
 11734 | Lair:1   | Entered Level 1 of the Lair of Beasts
 11740 | Lair:1   | 11740 ||| Stepping ~*~*~tactically~*~*~ (water).
 11746 | Lair:1   | 11746 ||| INVOKING Heroism.
 11905 | Lair:1   | Found a dark tunnel.
 11934 | Lair:1   | 11934 ||| Stepping ~*~*~tactically~*~*~ (stealth).
 11935 | Lair:1   | 11935 ||| INVOKING Heroism.
 11966 | Lair:1   | 11966 ||| INVOKING Heroism.
 11996 | Lair:1   | 11996 ||| INVOKING Heroism.
 12039 | Lair:1   | 12039 ||| INVOKING Heroism.
 12044 | Lair:1   | Reached skill level 13 in Axes
 12061 | Lair:1   | 12061 ||| INVOKING Heroism.
 12177 | Lair:1   | Noticed a death yak
 12178 | Lair:1   | 12178 ||| INVOKING Heroism.
 12179 | Lair:1   | Noticed a death yak
 12180 | Lair:1   | 12180 ||| Stepping ~*~*~tactically~*~*~ (stealth).
 12184 | Lair:1   | Noticed a death yak
 12195 | Lair:1   | Killed a death yak
 12204 | Lair:1   | Killed a death yak
 12220 | Lair:1   | 12220 ||| INVOKING Heroism.
 12234 | Lair:1   | Killed a death yak
 12307 | Lair:1   | 12307 ||| Stepping ~*~*~tactically~*~*~ (hiding).
 12308 | Lair:1   | 12308 ||| Stepping ~*~*~tactically~*~*~ (hiding).
 12312 | Lair:1   | 12312 ||| Stepping ~*~*~tactically~*~*~ (hiding).
 12750 | Lair:1   | 12750 ||| DROPPING ring of wizardry.
 12751 | Lair:1   | 12751 ||| READING scroll labelled KEYVADD VEECA.
 12765 | Lair:1   | 12765 ||| READING 3 scrolls of identify.
 12765 | Lair:1   | 12765 ||| IDENTIFYING dark potion
 12864 | Lair:2   | 12864 ||| INVOKING Heroism.
 12891 | Lair:2   | Reached skill level 9 in Invocations
 12939 | Lair:2   | 12939 ||| Stepping ~*~*~tactically~*~*~ (stealth).
 12941 | Lair:2   | 12941 ||| INVOKING Heroism.
 12955 | Lair:2   | Found a hole to the Spider Nest.
 12977 | Lair:2   | 12977 ||| INVOKING Heroism.
 13054 | Lair:2   | 13054 ||| INVOKING Heroism.
 13105 | Lair:2   | Reached XP level 13. HP: 75/82 MP: 20/20
 13237 | Lair:2   | Reached ***** piety under Okawaru
 13256 | Lair:2   | 13256 ||| READING scroll of enchant armour.
 13256 | Lair:2   | 13256 ||| ENCHANTING +1 pair of gloves.
 13408 | Lair:2   | 13408 ||| FLEEEEING.
 13409 | Lair:2   | 13409 ||| FLEEEEING.
 13410 | Lair:2   | 13410 ||| FLEEEEING.
 13411 | Lair:2   | 13411 ||| FLEEEEING.
 13412 | Lair:2   | 13412 ||| FLEEEEING.
 13418 | Lair:2   | 13418 ||| FLEEEEING.
 13424 | Lair:2   | 13424 ||| FLEEEEING.
 13425 | Lair:2   | 13425 ||| FLEEEEING.
 13435 | Lair:2   | Reached skill level 14 in Axes
 13518 | Lair:2   | 13518 ||| Stepping ~*~*~tactically~*~*~ (hiding).
 13519 | Lair:2   | 13519 ||| Stepping ~*~*~tactically~*~*~ (hiding).
 13520 | Lair:2   | 13520 ||| Stepping ~*~*~tactically~*~*~ (hiding).
 13521 | Lair:2   | 13521 ||| Stepping ~*~*~tactically~*~*~ (hiding).
 13543 | Lair:2   | 13543 ||| FLEEEEING.
 13544 | Lair:2   | 13544 ||| FLEEEEING.
 13545 | Lair:2   | 13545 ||| INVOKING Heroism.
 13553 | Lair:2   | 13553 ||| INVOKING Finesse.
 13562 | Lair:2   | 13562 ||| SWAPPING to -2 demon whip of venom.
 13602 | Lair:2   | HP: 19/84 [eight-headed hydra (3)]
 13603 | Lair:2   | 13603 ||| READING 2 scrolls of teleportation.
 13603 | Lair:2   | Mangled by a komodo dragon

Levels and vault maps discovered:
D:1:      erik_arrival_blinker_ship, layout_basic,
          hellmonk_ecumenical_altar_crossroads, serial_shops, shop,
          minmay_rat_gold_closets
D:2:      cheibrodos_greedy_goblins, layout_rooms, kennysheep_generic_room_16
D:3:      cheibrodos_old_hovel, layout_rooms, mainiacjoe_overflow_divided_tiny,
          dk_noncrumbling_4
D:4:      layout_gridville, uniq_menkaure
D:5:      cheibrodos_two_vegetables, layout_basic,
          minmay_temple_entry_proselytizer, gammafunk_ghost_arena, uniq_sigmund
D:6:      layout_basic
D:7:      layout_cave_pools, uniq_joseph
D:8:      layout_loops_cross, mainiacjoe_overflow_surrounded_room,
          enter_bailey_2, serial_bayou_lagoon_b, uniq_amaemon,
          uniq_prince_ribbit1, uniq_erica
D:9:      layout_loops_corners, uniq_erolcha
D:10:     layout_rooms, gammafunk_ghost_cemetery, nicolae_shop_vocational
D:11:     layout_long_grid, david_lair_shrubbed, orc_0_dummy, uniq_snorg,
          uniq_psyche
Temple:   compressed_dpeg_triangle_lava_temple
Lair:1:   layout_small_grid, nicolae_volcano_entry_hallway,
          infiniplex_staircase_pool, lemuel_fruit_tree
Lair:2:   layout_concentric_octagons, nicolae_spider_entry_lesser_pyramids,
          nzn_random_ring

Skill      XL: |  1  2  3  4  5  6  7  8  9 10 11 12 13 |
---------------+----------------------------------------+-----
Axes           | 2 3 4 5 6 7 8 10 11 12 13 14 | 14.0
Fighting       | 4 5 6 7 9 10 11 | 11.0
Dodging        | 1 2 |  2.4
Armour         | 4 5 7 8 |  8.0
Shields        | 4 5 6 |  6.9
Invocations    | 4 5 9 10 | 10.1

Action                     |  1- 3 |  4- 6 |  7- 9 | 10-12 | 13-15 || total
---------------------------+-------+-------+-------+-------+-------++-------
  Melee: War axe           |    99 |   129 |   318 |   766 |    58 ||  1370
         Demon whip        |       |       |       |       |    40 ||    40
  Throw: Boomerang         |    21 |    43 |    11 |       |       ||    75
 Invoke: Heroism           |       |       |     3 |    31 |     1 ||    35
         Finesse           |       |       |       |       |     1 ||     1
    Use: Scroll            |     1 |     5 |     5 |     9 |     2 ||    22
         Potion            |       |     1 |     6 |     1 |       ||     8
 Armour: Scale mail        |    40 |    45 |       |       |       ||    85
         Chain mail        |       |    29 |   303 |   438 |    85 ||   855
  Dodge: Dodged            |    39 |    53 |   168 |   284 |    42 ||   586
  Block: Buckler           |    30 |    21 |    80 |   162 |    30 ||   323

Table legend:
 A = Non-vault XP
 B = Vault XP
 C = Vault XP percentage of total XP
 D = Non-vault monster count
 E = Vault monster count
 F = Vault count percentage of total count
                 A         B        C        D         E       F
            +---------+---------+-------+---------+---------+-------
      Total |   25755 |   10806 |  29.6 |     275 |      58 |  17.4
            +---------+---------+-------+---------+---------+-------
        D:1 |      27 |       8 |  22.9 |      17 |       8 |  32.0
        D:2 |      42 |      29 |  40.8 |      19 |      15 |  44.1
        D:3 |      44 |      14 |  24.1 |      16 |       1 |   5.9
        D:4 |     622 |     172 |  21.7 |      22 |       1 |   4.3
        D:5 |     570 |     738 |  56.4 |      16 |      11 |  40.7
        D:6 |     828 |       0 |   0.0 |      20 |       0 |   0.0
        D:7 |    1963 |     430 |  18.0 |      25 |       1 |   3.8
        D:8 |    1200 |    2233 |  65.0 |      33 |       4 |  10.8
        D:9 |    2989 |     854 |  22.2 |      23 |       1 |   4.2
       D:10 |     898 |       0 |   0.0 |      12 |       0 |   0.0
       D:11 |    4211 |    1683 |  28.6 |      19 |       3 |  13.6
     Lair:1 |    6428 |       0 |   0.0 |      22 |       0 |   0.0
     Lair:2 |    5933 |    4645 |  43.9 |      31 |      13 |  29.5
            +---------+---------+-------+---------+---------+-------
